 Dungeon Crawl Stone Soup version 0.32-a0-891-gc41d80381e (webtiles) character file.

Game seed: 12898745942977012795

156 Ijustatesigmund the Conjurer (level 5, -1/35 HPs)
             Began as an Octopode Conjurer on Apr 3, 2024.
             Succumbed to a scorpion's poison
             ... on level 4 of the Dungeon.
             The game lasted 00:03:54 (3531 turns).

Ijustatesigmund the Conjurer (Octopode Conjurer)    Turns: 3531, Time: 00:03:55

Health: -1/35      AC:  1    Str:  6    XL:     5   Next: 37%
Magic:  1/10       EV: 12    Int: 22    God:
Gold:   141        SH:  0    Dex: 11    Spells: 3/10 levels left

rFire   + . .        e - +0 flail
rCold   + . .        (no shield)
rNeg    . . .        (helmet restricted)
rPois   +            s - amulet of the acrobat
rElec   +            (no ring)
rCorr   +            (no ring)
SInv    .            (no ring)
Will    .....        (no ring)
Stlth   +++          (no ring)
HPRegen 0.25/turn    (no ring)
MPRegen 0.12/turn    (no ring)
                     (no ring)

%: acrobat
@: lethally poisoned (-1 -> -6), resistant
A: almost no armour, amphibious, 8 rings, camouflage 1, gelatinous body 1,
(nimble swimmer 1), tentacles
a: no special abilities


You were on level 4 of the Dungeon.
You visited 1 branch of the dungeon, and saw 4 of its levels.

You collected 141 gold pieces.

Inventory:

Hand Weapons
 e - a +0 flail (weapon)
Jewellery
 s - an amulet of the acrobat (around mantle)
Scrolls
 c - a scroll of teleportation
 f - a scroll of immolation {unknown}
 i - a scroll of revelation {unknown}
 j - a scroll of poison {unknown}
 n - 2 scrolls of amnesia {unknown}
 o - a scroll of torment {unknown}
 r - a scroll of enchant armour {unknown}
 t - 2 scrolls of identify
Potions
 a - a potion of magic
 b - 2 potions of attraction
 d - 3 potions of berserk rage
 g - a potion of cancellation {unknown}
 h - a potion of enlightenment
 k - a potion of haste {unknown}
 l - 2 potions of might {unknown}
 m - a potion of resistance
 p - 2 potions of curing {unknown}
 q - a potion of heal wounds {unknown}


   Skills:
 - Level 2.3 Fighting
 - Level 2.0 Dodging
 - Level 2.6 Stealth
 + Level 3.3 Spellcasting
 - Level 4.5 Conjurations
 + Level 1.8 Translocations


You had 3 spell levels left.
You knew the following spells:

 Your Spells              Type           Power      Damage    Failure   Level
a - Magic Dart            Conj           92%        1d7       1%          1
b - Searing Ray           Conj           46%        2d6       2%          2
c - Iskenderun's Mystic Conj/Tloc 17%            2d5        (+2d2     32%         4

Your spell library contained the following spells:

 Spells                   Type           Power      Damage    Failure   Level
 Fulminant Prism          Conj/Alch      6%         3d7       43%         4
 Summon Lightning Spire   Summ/Air       3%         N/A       75%         4
 Lee's Rapid Deconstruct  Erth           1%         3d4*      97%         5
 Animate Armour           Summ/Erth      Unusable   N/A       N/A         4

Dungeon Overview and Level Annotations

Branches:
Dungeon (4/15)
 Temple: D:4-7

Altars:

Shops:
D:1 (


Innate Abilities, Weirdness & Mutations

You cannot wear most types of armour.
You are amphibious.
You can wear up to eight rings at the same time.
Your skin changes colour to match your surroundings (Stealth+).
Your rubbery body absorbs attacks. (AC +1, EV +1)
((You are camouflaged when in or above water. (Stealth+)))
You have tentacles for arms and can constrict up to eight enemies at once.


Message History

The scorpion closely misses you. The scorpion stings you.
Casting: Magic Dart (safe; 1% risk of failure)
Confirm with . or Enter, or press ? or * to list all spells.
Aiming: Magic Dart (safe; 1% risk of failure)
Press: ? - help, Shift-Dir - straight line, f/p - scorpion
Aim: a scorpion (severely wounded, 100% to hit)
The magic dart hits the scorpion but does no damage.
The scorpion is severely wounded.
The scorpion stings you.
Casting: Magic Dart (safe; 1% risk of failure)
Confirm with . or Enter, or press ? or * to list all spells.
Aiming: Magic Dart (safe; 1% risk of failure)
Press: ? - help, Shift-Dir - straight line, f/p - scorpion
Aim: a scorpion (severely wounded, 100% to hit)
The magic dart hits the scorpion but does no damage.
The scorpion is severely wounded.
The scorpion stings you.
Casting: Magic Dart (safe; 1% risk of failure)
Confirm with . or Enter, or press ? or * to list all spells.
Aiming: Magic Dart (safe; 1% risk of failure)
Press: ? - help, Shift-Dir - straight line, f/p - scorpion
Aim: a scorpion (severely wounded, 100% to hit)
The magic dart hits the scorpion but does no damage.
The scorpion is severely wounded.
The scorpion stings you.
You are poisoned.
The scorpion poisons you!
Casting: Magic Dart (safe; 1% risk of failure)
Confirm with . or Enter, or press ? or * to list all spells.
You don't have enough magic to cast this spell.
You closely miss the scorpion. Your grab misses the scorpion.
The scorpion is severely wounded.
You feel very sick. The scorpion stings you.
* * * LOW HITPOINT WARNING * * *
The scorpion stings you.
* * * LOW HITPOINT WARNING * * *
It was a potion of resistance.
You feel protected.
You die...

#........... ...##...........
.......)........ ...####'########
#.# #.# #.# #s# #@#
#.################
#.................
#################################
.................................
#################################


You could see a scorpion.

Vanquished Creatures
  A jelly (D:3)
  An orc wizard (D:3)
  2 adders (D:2)
  2 dart slugs (D:1)
  5 orcs (D:3)
  7 endoplasms
  9 goblins
  9 hobgoblins
  3 jackals
  4 quokkas
  3 ball pythons
  7 bats
  2 frilled lizards
  8 kobolds
  4 rats
67 creatures vanquished.

Notes
Turn   | Place    | Note
-------+----------+-------------------------------------------
     0 | D:1      | Ijustatesigmund the Octopode Conjurer began the quest for
                  | the Orb.
     0 | D:1      | Reached XP level 1. HP: 11/11 MP: 3/3
   249 | D:1      | Reached XP level 2. HP: 18/18 MP: 1/5
   252 | D:1      | Learned a level 2 spell: Searing Ray
   343 | D:1      | Found Pegepp's Weapon Emporium.
   428 | D:1      | Reached skill level 1 in Fighting
   931 | D:1      | Reached XP level 3. HP: 23/23 MP: 1/6
  1801 | D:2      | Reached XP level 4. HP: 29/29 MP: 5/8
  1806 | D:2      | Learned a level 4 spell: Iskenderun's Mystic Blast
  2469 | D:3      | Reached skill level 1 in Translocations
  2606 | D:3      | Reached XP level 5. HP: 29/35 MP: 1/9
  3530 | D:4      | HP: 1/35 [scorpion (5)]
  3531 | D:4      | Succumbed to a scorpion's poison

Illustrated notes

Levels and vault maps discovered:
D:1:      dpeg_arrival_morbid_curiosity, layout_loops_ring, serial_shops, shop,
          minmay_split_cup_large
D:2:      layout_rooms
D:3:      layout_rooms, serial_glass, glass_columns_a, glass_columns_c,
          feat_on_display, minmay_strange_pillars, feat_on_display,
          item_on_display_b
D:4:      minmay_polygon_palace, layout_basic, minmay_temple_entry_tees,
          grunt_tough_drop, uniq_ijyb

Skill      XL: |  1  2  3  4 |
---------------+-------------+-----
Fighting       | 1 2 |  2.3
Spellcasting   | 3 |  3.3
Translocations | 1 |  1.8
Dodging        | |  2.0
Stealth        | |  2.6
Conjurations   | |  4.5

Action                     |  1- 3 |  4- 6 || total
---------------------------+-------+-------++-------
  Melee: Mace              |     8 |     7 ||    15
         Constrict         |     2 |     2 ||     4
         Tentacles         |     1 |     3 ||     4
         Flail             |       |     6 ||     6
   Cast: Magic Dart        |    67 |    73 ||   140
         Searing Ray       |       |     1 ||     1
    Use: Scroll            |       |     4 ||     4
         Potion            |       |     1 ||     1
   Stab: Sleeping          |       |     2 ||     2
 Armour: Skin              |     4 |    18 ||    22
  Dodge: Dodged            |    13 |    19 ||    32

Table legend: (Time is in decaauts)
 A = Elapsed time spent in this place.
 B = Non-inter-level travel time spent in this place.
 C = Inter-level travel time spent in this place.
 D = Time resting spent in this place.
 E = Time spent auto-exploring this place.
 F = Levels seen in this place.
 G = Mean time per level.
                   A        B        C        D        E       F      G
               +--------+--------+--------+--------+--------+-----+--------+
         Total |   3537 |   3387 |    150 |    462 |   2596 |   4 |  884.2 |
       Dungeon |   3537 |   3387 |    150 |    462 |   2596 |   4 |  884.2 |
               +--------+--------+--------+--------+--------+-----+--------+

Top non-repeatable levels by time:
     D:1: 1418 daAuts
     D:3: 1056 daAuts
     D:2: 827 daAuts
     D:4: 235 daAuts
